 Dungeon Crawl Stone Soup version 0.25-a0-578-gc91f01c39c (webtiles) character file.

Game seed: 10084994954944141857, levelgen mode: deterministic

1108 drasked the Cleaver (level 8, -1/73 HPs)
             Began as a Hill Orc Monk on Mar 5, 2020.
             Was a Believer of Beogh.
             Slain by a komodo dragon (20 damage)
             ... on level 5 of the Dungeon.
             The game lasted 00:17:09 (6022 turns).

drasked the Cleaver (Hill Orc Monk)                 Turns: 6022, Time: 00:17:09

Health: -1/73      AC:  9    Str: 16    XL:     8   Next: 33%
Magic:  8/8        EV:  7    Int: 12    God:    Beogh [**....]
Gold:   19         SH:  0    Dex: 13    Spells: 7/7 levels left

rFire    . . .     SeeInvis .   A - +0 broad axe
rCold    . . .     Gourm    .   (no shield)
rNeg     . . .     Faith    .   p - +0 chain mail
rPois    +         Spirit   .   (no helmet)
rElec    .         Reflect  .   o - +0 cloak
rCorr    .         Harm     .   (no gloves)
MR       .....                  (no boots)
Stlth    ..........             w - amulet "Taull" {Regen+ Str+2}
HPRegen  0.62/turn              P - ring of poison resistance {rPois, !d}
MPRegen  0.11/turn              (no ring)

@: no status effects
A: no striking features
a: Smiting, Renounce Religion


You were on level 5 of the Dungeon.
You worshipped Beogh.
Beogh was pleased with you.
You were not hungry.

You visited 1 branch of the dungeon, and saw 5 of its levels.

You collected 325 gold pieces.
You spent 306 gold pieces at shops.

Inventory:

Hand Weapons
 a - a +0 war axe
   (You took it off an orc on level 4 of the Dungeon)
 A - a +0 broad axe (weapon)
   (You bought it in a shop on level 5 of the Dungeon)
Missiles
 C - 3 javelins (quivered)
Armour
 o - a +0 cloak (worn)
   (You found it on level 2 of the Dungeon)
 p - a +0 chain mail (worn)
   (You found it on level 3 of the Dungeon)
 x - a +0 pair of boots
   (You found it on level 5 of the Dungeon)
Jewellery
 l - an uncursed amulet of rage {+Rage, !d}
   (You found it on level 2 of the Dungeon)
 w - the amulet "Taull" (around neck) {Regen+ Str+2}
   (You found it on level 5 of the Dungeon)

   [amulet of regeneration]

   It affects your strength (+2).
   It increases your rate of regeneration.
 P - a ring of poison resistance (left hand) {rPois, !d}
   (You found it on level 5 of the Dungeon)
Wands
 b - a wand of polymorph (1)
   (You took it off Ijyb on level 3 of the Dungeon)
 v - a wand of paralysis (11)
   (You found it on level 4 of the Dungeon)
Scrolls
 c - 3 scrolls of teleportation {unknown}
 d - 4 scrolls of remove curse
 f - a scroll of silence
 g - 2 scrolls of identify
 s - 3 scrolls of fear
 t - 2 scrolls of magic mapping {!r!r}
 u - 2 scrolls of fog
 y - a scroll of vulnerability {unknown}
Potions
 h - a potion of invisibility {unknown}
 i - 2 potions of brilliance
 j - 2 potions of stabbing
 k - a potion of ambrosia {unknown}
 m - 2 potions of lignification {!q!q}
 n - 2 potions of degeneration {unknown}
 q - a potion of haste {unknown}
 r - 2 potions of heal wounds {unknown}
 z - 2 potions of might {unknown}
 D - a potion of cancellation {unknown}
Comestibles
 e - 15 rations
 B - 6 chunks of flesh {@w0}


   Skills:
 + Level 7.5 Fighting
 * Level 10.8 Axes
 - Level 2.4 Dodging
 - Level 1.5 Stealth


You had 7 spell levels left.
You didn't know any spells.
Your spell library was empty.

Dungeon Overview and Level Annotations

Branches:
Dungeon (5/15)             Temple (0/1) D:5

Altars:
Okawaru

Shops:
D:5 [=*=?

Annotations:
D:3 2 runed translucent doors, Killmatronix's ghost, amateur OpHu


Message History

Items here: ))) [ † a +0 club; a +0 halberd; a +4 spear of venom; a +0 scale mail; a gnoll corpse You butcher the gnoll corpse.
B - 7 chunks of flesh {@w0} (gained 1)
Items here: ))) [ ÷ a +0 club; a +0 halberd; a +4 spear of venom; a +0 scale mail; a gnoll skeleton You now have 19 gold pieces (gained 7).
Things that are here:
a +0 falchion; a gnoll corpse You feel sick.
You butcher the gnoll corpse.
B - 8 chunks of flesh {@w0} (gained 1)
Things that are here:
a +0 falchion; a gnoll skeleton You start resting.
You feel sick.
You are no longer poisoned.
You start resting.
The quokka is too close now for your liking.
A quokka is nearby!
A quokka is nearby!
A quokka is nearby!
Throwing (i - inventory)
C - 4 javelins (quivered)
Aim: a quokka (hasn't noticed you)
You throw a javelin. The javelin misses the quokka.
Throwing (i - inventory)
C - 3 javelins (quivered)
Aim: a quokka You throw a javelin.
The javelin closely misses the quokka.
Throwing (i - inventory)
C - 2 javelins (quivered)
Aim: a quokka You throw a javelin.
The javelin closely misses the quokka.
You slash the quokka!
You kill the quokka!
No target in view!
You start resting.
The gnoll shouts!
The gnoll is too close now for your liking.
A gnoll is nearby!
A gnoll is nearby!
Throwing (i - inventory)
C - a javelin (quivered)
Aim: a gnoll, wielding a +0 spear You throw a javelin.
The javelin pierces through the gnoll!
The gnoll shouts!
You see here a javelin.
The gnoll hits you from afar with a +0 spear.
The gnoll hits you with a +0 spear.
You see here a javelin.
You slice the gnoll!!
You kill the gnoll!
You closely miss the gnoll. The gnoll completely misses you.
You closely miss the gnoll. The gnoll barely misses you.
You slash the gnoll!
You kill the gnoll!
The adder skeleton bites you.
You barely miss the adder skeleton. The adder skeleton barely misses you.
You slash the adder skeleton!
You destroy the adder skeleton!
No target in view!
No target in view!
You start resting.
Some of the chunks of flesh in your inventory have rotted away.
C - a javelin
D - a green potion You butcher the gnoll corpse.
B - 6 chunks of flesh {@w0} (gained 4)
Things that are here:
a +0 spear; a gnoll skeleton
Things that are here:
a +0 spear; a gnoll skeleton
C - 2 javelins (gained 1)
Things that are here:
a +0 spear; a gnoll skeleton
C - 3 javelins (gained 1)
A crimson imp comes into view.
The crimson imp moves out of view.
You open the door.
Found Syni's Jewellery Shop.
There is an open door here.
There is an entrance to Syni's Jewellery Shop here.
There is an open door here.
There is an escape hatch in the floor here.
There is an open door here.
A komodo dragon comes into view.
A komodo dragon is nearby!
There is an open door here.
The komodo dragon hisses angrily.
You slash the komodo dragon! The komodo dragon bites you!!
Your chain mail prevents you from hitting the komodo dragon.
The komodo dragon bites you!!
* * * LOW HITPOINT WARNING * * *
You slash the komodo dragon! The komodo dragon bites you!
* * * LOW HITPOINT WARNING * * *
You hit the komodo dragon. The komodo dragon bites you.
* * * LOW HITPOINT WARNING * * *
You closely miss the komodo dragon. The komodo dragon bites you.
* * * LOW HITPOINT WARNING * * *
You hit the komodo dragon.
The komodo dragon completely misses you.
You closely miss the komodo dragon. The komodo dragon bites you!!
You die...

#......##...###
#.........#...#
###........####.#
#..........## #.#
##...........###..
#..............###
#.#.∩...........##
#l#.(l....#####..#
#@##(##...#...#...
##(##.##...'.8.'...
#...>.##...#...#..#
#.....##...#####.##
##.....##.........##
##.>...###>#...##...#
#..#...##...#######..
##.##...>..#.'∩# ##.
###..###.##..########
#.


You could see a komodo dragon.

Levels and vault maps discovered:
D:1:      lightli_iron_boxes, layout_loops_ring
D:2:      layout_loops_ring, serial_forest, infiniplex_forest_pool,
          infiniplex_forest_straight_1, infiniplex_forest_zigzag_2,
          infiniplex_forest_clump_curved, infiniplex_forest_clump_diagonal,
          infiniplex_forest_lined_ring, infiniplex_forest_straight_2,
          infiniplex_forest_fountain, chequers_ecumenical_altar_simple_redux,
          first_ration
D:3:      minmay_inner_zag, layout_rooms, lemuel_doored_altar,
          ebering_ghost_sewer_f, uniq_ijyb
D:4:      layout_basic, minmay_bisected
D:5:      layout_rooms, minmay_temple_entry_fiery, serial_shops,
          kennysheep_mini, shop, nicolae_shop_trees, shop_coins, shop,
          minmay_misc_feat_room, minmay_pentangle, uniq_edmund

Notes
Turn   | Place    | Note
-------+----------+-------------------------------------------
     0 | D:1      | drasked the Hill Orc Monk began the quest for the Orb.
     0 | D:1      | Reached XP level 1. HP: 19/19 MP: 1/1
    68 | D:1      | Identified a +0 club
   223 | D:1      | Identified a +0 dagger
   288 | D:1      | Reached XP level 2. HP: 27/27 MP: 2/2
   352 | D:1      | Identified a +0 dagger
   548 | D:1      | Identified a cursed -1 club
   553 | D:1      | Reached skill level 4 in Fighting
   728 | D:2      | Found a faded altar of an unknown god.
   837 | D:2      | Identified a +0 club
   843 | D:2      | Reached skill level 5 in Axes
   859 | D:2      | Reached XP level 3. HP: 30/33 MP: 3/3
   911 | D:2      | Identified a +0 dagger
  1291 | D:2      | Identified a +0 club
  1584 | D:2      | Reached XP level 4. HP: 41/41 MP: 4/4
  1759 | D:2      | Identified a +0 club
  1765 | D:2      | Identified a +0 club
  2092 | D:3      | Reached skill level 6 in Axes
  2178 | D:3      | Found a runed translucent door.
  2189 | D:3      | Identified a +0 cloak (You found it on level 2 of the
                  | Dungeon)
  2199 | D:3      | Identified a +0 chain mail (You found it on level 3 of the
                  | Dungeon)
  2226 | D:3      | Identified a +0 club
  2236 | D:3      | Identified a +0 club
  2236 | D:3      | Identified a +0 ring mail
  2236 | D:3      | Noticed Ijyb
  2255 | D:3      | Killed Ijyb
  2260 | D:3      | Identified a +0 club
  2276 | D:3      | Identified a +0 hand axe
  2321 | D:3      | Identified a +0 club
  2354 | D:3      | Reached XP level 5. HP: 43/47 MP: 5/5
  2453 | D:3      | Noticed Killmatronix's ghost (amateur OpHu)
  2465 | D:3      | Found an iron altar of Okawaru.
  2512 | D:3      | Identified a +0 club
  2686 | D:3      | Identified a +0 dagger of protection
  2691 | D:3      | Reached skill level 5 in Fighting
  2708 | D:3      | Identified a +2 mace of holy wrath
  2708 | D:3      | Identified a +0 dagger
  2708 | D:3      | Identified a +0 leather armour
  2725 | D:3      | Identified a +0 dagger
  2725 | D:3      | Identified a +0 robe
  2746 | D:3      | Reached skill level 7 in Axes
  2974 | D:3      | Found a runed translucent door.
  3168 | D:4      | Identified a +0 war axe
  3168 | D:4      | Identified a +0 falchion
  3171 | D:4      | Became a worshipper of Beogh the Brigand
  3171 | D:4      | Reached * piety under Beogh
  3171 | D:4      | Reached ** piety under Beogh
  3173 | D:4      | Identified a +0 club
  3349 | D:4      | Identified a +0 leather armour
  3349 | D:4      | Identified a +0 war axe
  3349 | D:4      | Identified a +0 leather armour
  3349 | D:4      | Identified a +0 dagger
  3349 | D:4      | Identified a +0 whip
  3349 | D:4      | Identified a +0 hand axe
  3349 | D:4      | Identified a +0 leather armour
  3379 | D:4      | Reached XP level 6. HP: 43/56 MP: 6/6
  3930 | D:4      | Identified a +0 dagger
  4185 | D:4      | Reached skill level 8 in Axes
  4266 | D:4      | Identified an amulet of rage (You found it on level 2 of
                  | the Dungeon)
  4298 | D:5      | Entered Level 5 of the Dungeon
  4298 | D:5      | Identified a +2 vorpal dire flail
  4298 | D:5      | Identified a +0 scale mail
  4298 | D:5      | Noticed Edmund
  4570 | D:5      | Reached skill level 6 in Fighting
  4701 | D:5      | Found Ewkameq's Magic Scroll Shop.
  4722 | D:5      | Bought a scroll of remove curse for 36 gold pieces
  4722 | D:5      | Bought a scroll of magic mapping for 42 gold pieces
  4722 | D:5      | Bought a scroll of fear for 42 gold pieces
  4722 | D:5      | Bought a scroll of silence for 90 gold pieces
  4722 | D:5      | Bought a scroll of fog for 24 gold pieces
  4722 | D:5      | Bought a scroll of identify for 24 gold pieces
  4746 | D:5      | Identified 2 potions of stabbing
  4747 | D:5      | Identified 2 potions of brilliance
  4748 | D:5      | Identified 2 potions of curing
  4749 | D:5      | Identified 2 potions of lignification
  4789 | D:5      | Killed Edmund
  4789 | D:5      | Reached skill level 9 in Axes
  4789 | D:5      | Reached XP level 7. HP: 63/63 MP: 7/7
  4855 | D:5      | Found a staircase to the Ecumenical Temple.
  4903 | D:5      | Got a brightly glowing platinum amulet
  4936 | D:5      | Found Announ's Jewellery Shoppe.
  5066 | D:5      | Found Foetestu's General Store.
  5127 | D:5      | Bought a +0 broad axe for 48 gold pieces
  5162 | D:5      | Identified a +0 club
  5184 | D:5      | HP: 15/64 [something (6)]
  5189 | D:5      | Identified a +0 club
  5204 | D:5      | Identified a +0 spear
  5214 | D:5      | HP: 14/64 [sky beast (6)]
  5246 | D:4      | HP: 13/64 [sky beast (5)]
  5247 | D:4      | HP: 5/64 [sky beast (6)]
  5256 | D:4      | Identified the amulet "Taull" {Regen+ Str+2} (You found it
                  | on level 5 of the Dungeon)
  5257 | D:4      | Identified a ring of poison resistance (You found it on
                  | level 5 of the Dungeon)
  5637 | D:5      | Reached skill level 10 in Axes
  5645 | D:5      | Reached skill level 7 in Fighting
  5645 | D:5      | Reached XP level 8. HP: 61/73 MP: 8/8
  5675 | D:5      | Found Dagra's Armour Shoppe.
  5696 | D:5      | Identified a +0 shortbow
  5753 | D:5      | Identified a +0 whip
  5838 | D:5      | Identified a cursed -2 mace
  5838 | D:5      | Identified a +4 spear of venom
  5838 | D:5      | Identified a +0 scale mail
  5838 | D:5      | Identified a +0 halberd
  5838 | D:5      | Identified a +0 club
  5872 | D:5      | Identified a +0 falchion
  5971 | D:5      | Found Syni's Jewellery Shop.
  5997 | D:5      | Noticed a komodo dragon
  6019 | D:5      | HP: 18/73 [komodo dragon (1)]
  6022 | D:5      | Slain by a komodo dragon

Table legend:
 A = Turns spent in this place as a percentage of turns spent in the entire game.
 B = Non-inter-level travel turns spent in this place as a percentage of non-inter-level travel turns spent in the entire game.
 C = Inter-level travel turns spent in this place as a percentage of turns spent in this place.
 D = Turns resting spent in this place as a percentage of non-inter-level travel turns spent in this place.
 E = Turns spent auto-exploring this place as a percentage of non-inter-level travel turns spent in this place.
 F = Non-inter-level travel turns spent in this place divided by the number of levels of this place that you've seen.
                   A       B       C       D       E      F
               +-------+-------+-------+-------+-------+----------------------
         Total | 100.0 | 100.0 |   3.9 |  29.8 |  46.3 | 1157.2
       Dungeon | 100.0 | 100.0 |   3.9 |  29.8 |  46.3 | 1157.2
               +-------+-------+-------+-------+-------+----------------------

Table legend:
 A = Kills in this place as a percentage of kills in entire the game.
 B = Kills by you in this place as a percentage of kills by you in the entire game.
 C = Kills by friends in this place as a percentage of kills by friends in the entire game.
 D = Other kills in this place as a percentage of other kills in the entire game.
 E = Experience gained in this place as a percentage of experience gained in the entire game.
 F = Experience gained in this place divided by the number of levels of this place that you have seen.
                   A       B       C       D       E      F
               +-------+-------+-------+-------+-------+----------------------
         Total | 100.0 | 100.0 |   N/A |   N/A | 100.0 | 316.6
       Dungeon | 100.0 | 100.0 |   N/A |   N/A | 100.0 | 316.6
               +-------+-------+-------+-------+-------+----------------------

Skill      XL: |  1  2  3  4  5  6  7 |
---------------+----------------------+-----
Fighting       | 4 5 6 7 |  7.5
Axes           | 5 6 7 9 10 | 10.8
Dodging        | |  2.4
Stealth        | |  1.5

Action                   |  1- 3 |  4- 6 |  7- 9 || total
-------------------------+-------+-------+-------++-------
Melee: Hand axe          |    77 |   319 |    46 ||   442
       Unarmed           |       |     6 |       ||     6
       Broad axe         |       |       |    86 ||    86
Throw: Dart              |   125 |    72 |       ||   197
       Javelin           |       |       |    11 ||    11
Invok: Convert to Beogh  |       |     1 |       ||     1
 Abil: Evoke Berserk Rag |       |     1 |       ||     1
  Use: Scroll            |       |     4 |       ||     4
       Potion            |       |       |     2 ||     2
 Stab: Sleeping          |     1 |       |       ||     1
       Confused          |       |     1 |       ||     1
  Eat: Chunk             |     2 |     8 |     1 ||    11
       Ration            |       |     1 |     1 ||     2
Armor: Robe              |    11 |     2 |       ||    13
       Chain mail        |       |   105 |    54 ||   159
       Skin              |       |     1 |       ||     1
Dodge: Dodged            |    42 |    79 |    35 ||   156

Vanquished Creatures
  Edmund (D:5)
  A sky beast (D:4)
  A phantom (D:5)
  A centaur (D:5)
  A gnoll sergeant (D:5)
  A howler monkey (D:5)
  2 crimson imps (D:4)
  A hound (D:5)
  An orc priest (D:4)
  An orc wizard (D:3)
  Ijyb (D:3)
  7 worker ants
  10 gnolls (D:5)
  7 adders
  An ooze (D:3)
  An adder skeleton (D:5)
  3 worms
  A dart slug (D:2)
  7 leopard geckos
  13 orcs
  2 ball pythons
  7 giant cockroaches
  8 goblins
  9 hobgoblins
  2 jackals (D:2)
  4 kobolds
  3 quokkas
  10 bats
  6 frilled lizards
  A leopard gecko skeleton (D:5)
  11 rats
  A bush (D:2)
  2 plants (D:2)
128 creatures vanquished.

Vanquished Creatures (others)
  An orc (D:4)
  A plant (D:2)
2 creatures vanquished.

Grand Total: 130 creatures vanquished
